 Dungeon Crawl Stone Soup version 0.21.1-1-g345015f (webtiles) character file.

25433 keltmir the Basher (level 12, -5/97 HPs)
             Began as a Demonspawn Gladiator on Mar 21, 2018.
             Was a Priest of Qazlal.
             Slain by a skeletal warrior
             ... wielding a +0 trident
             ... led by a skeletal warrior
              (15 damage)
             ... on level 12 of the Dungeon.
             The game lasted 01:38:33 (26576 turns).

keltmir the Basher (Demonspawn Gladiator)          Turns: 26576, Time: 01:38:34

Health: -5/97      AC: 11    Str: 25    XL:     12   Next: 89%
Magic:  16/21      EV: 12    Int: 10    God:    Qazlal [***...]
Gold:   640        SH: 14    Dex: 16    Spells: 11/11 levels left

rFire    + + .     SeeInvis .   b - +3 lajatang of the Wilderness {slice, Str+7}
rCold    + + .     Gourm    .   (shield currently unavailable)
rNeg     . . .     Faith    .   a - +2 scale mail {rF+}
rPois    +         Spirit   .   c - +0 helmet
rElec    .         Reflect  +   q - scarf {rC+ rF+}
rCorr    .         Harm     .   (gloves unavailable)
MR       .....                  (no boots)
Stlth    ..........             Z - +6 amulet of reflection
HPRegen  0.26/turn              o - ring of poison resistance
MPRegen  0.17/turn              T - ring of Cugho {Wiz rC+}

@: about to teleport
A: claws 3, large bone plates 1
a: Upheaval, Elemental Force, Renounce Religion


You were on level 12 of the Dungeon.
You worshipped Qazlal.
Qazlal was most pleased with you.
You were not hungry.

You visited 4 branches of the dungeon, and saw 18 of its levels.

You collected 842 gold pieces.
You spent 202 gold pieces at shops.

Inventory:

Hand Weapons
 b - the +3 lajatang of the Wilderness (weapon) {slice, Str+7}
   (You found it on level 1 of the Lair of Beasts)

   It inflicts extra damage upon your enemies.
   It affects your strength (+7).
 W - a +4 whip
Missiles
 d - 5 throwing nets
 p - 30 tomahawks (quivered)
Armour
 a - a +2 scale mail of fire resistance (worn)
 c - a +0 helmet (worn)
 g - a +0 chain mail of cold resistance
 q - a scarf of resistance (worn)
 u - a +2 cloak of poison resistance
 O - a +1 chain mail of magic resistance
Jewellery
 h - a +3 ring of intelligence
 o - a ring of poison resistance (left claw)
 t - an uncursed amulet of magic regeneration
 T - the ring of Cugho (right claw) {Wiz rC+}
   (You found it on level 10 of the Dungeon)

   [ring of wizardry]

   It improves your spell success rate.
   It protects you from cold.
 Z - a +6 amulet of reflection (around neck)
Wands
 k - a wand of enslavement (24)
 m - a wand of paralysis (30)
 w - a wand of flame (20)
 C - a wand of iceblast (5)
 E - a wand of acid (8)
 H - a wand of random effects (27)
 Q - a wand of polymorph (12)
 Y - a wand of digging (13)
Scrolls
 l - 7 scrolls of remove curse
 n - a scroll of magic mapping
 r - a scroll of enchant armour {unknown}
 s - 6 scrolls of identify
 x - 3 scrolls of amnesia
 B - 3 scrolls of immolation {unknown}
 F - a scroll of fog {unknown}
 K - a scroll of torment {unknown}
 P - a scroll of fear
 R - 2 scrolls of teleportation
 U - a scroll of noise {unknown}
Potions
 e - 3 potions of brilliance
 j - a potion of agility {unknown}
 v - a potion of invisibility {unknown}
 z - 3 potions of might
 A - a potion of mutation
 D - a potion of berserk rage {unknown}
 G - a potion of cancellation
 J - 3 potions of flight {unknown}
 L - 4 potions of curing
 M - a potion of lignification
 S - a potion of haste {unknown}
Books
 y - a book of Enchantments

   Spells                             Type                      Level
   a - Cause Fear                     Hexes                        4
   b - Yara's Violent Unravelling     Hexes/Transmutation          5
   c - Silence                        Hexes/Air                    5
   d - Deflect Missiles               Charms/Air                   6
   e - Discord                        Hexes                        8
 N - a book of Geomancy

   Spells                             Type                      Level
   a - Sandblast                      Earth                        1
   b - Passwall                       Transmutation/Earth          2
   c - Stone Arrow                    Conjuration/Earth            3
   d - Petrify                        Transmutation/Earth          4
   e - Lee's Rapid Deconstruction     Earth                        5
Comestibles
 f - 15 rations


   Skills:
 + Level 10.2 Fighting
 - Level 12.2(12.5) Maces & Flails
 * Level 4.4(9.2) Staves
 - Level 1.7 Throwing
 + Level 9.2 Armour
 - Level 2.6 Dodging
 + Level 12.0 Invocations


You had 11 spell levels left.
You didn't know any spells.

Dungeon Overview and Level Annotations

Branches:
Dungeon (12/15)            Temple (1/1) D:4            Lair (3/6) D:9
    Orc (2/2) D:9
  Swamp: Lair:2-4    Shoals: Lair:2-4     Snake: Lair:2-4    Spider: Lair:2-4
    Elf: Orc:2

Altars:
Ashenzari
Cheibriados
Dithmenos
Elyvilon
Fedhas
Gozag
Hepliaklqana
Kikubaaqudgha
Makhleb
Nemelex Xobeh
Qazlal
Ru
Sif Muna
Trog
Uskayaw
Vehumet
Wu Jian
Xom
Zin
The Shining One

Shops:
D:5 ?   D:6 ?   D:7 *   D:11 !   Orc:1 =   Orc:2 :


Innate Abilities, Weirdness & Mutations

You have claws for hands.
You are partially covered in large bone plates. (SH +4)


Message History

You block the skeletal warrior's attack.
You slash the skeletal warrior!
The skeletal warrior is severely damaged.
The skeletal warrior hits you with a trident!!
* * * LOW HITPOINT WARNING * * *
You block the skeletal warrior's attack.
Okay, then.
Wield which item (- for none, * to show all)? (? for menu, Esc to quit)
That's the wrong kind of item! (Use * to select it.) Wield which item (- for none, * to show all)? (? for menu, Esc to quit)
That's the wrong kind of item! (Use * to select it.) Wield which item (- for none, * to show all)? (? for menu, Esc to quit)
Okay, then.
As you read the scroll of teleportation, it crumbles to dust.
You feel strangely unstable.
The skeletal warrior is engulfed in freezing vapours.
You block the skeletal warrior's attack.
The skeletal warrior is engulfed in freezing vapours.
The skeletal warrior hits you from afar with a trident!
You die...

##+####### # ###+### #
....>.. ###### .......
.....### .......
####...###########.......
# ###..........@zz.....!
# #############.......
....... #######


You could see 2 skeletal warriors.

Vanquished Creatures
  Snorg (D:11)
  Fannar (Lair:1)
  The ghost of keltmir the Carver, a journeyman DsGl of Makhleb (D:10)
  Erica (D:10)
  Nergalle (Lair:1)
  A skeletal warrior (D:12)
  2 ugly things
  2 manticores
  3 black mambas
  The ghost of Baghtru the Shield-Bearer, a novice MiFi (D:5)
  2 gargoyles
  9 spiny frogs
  A komodo dragon (Lair:2)
  3 trolls
  A hornet (D:6)
  3 blink frogs (Lair:2)
  2 shadows
  2 vampires
  6 hippogriffs
  A spriggan (D:7)
  21 yaks
  A hungry ghost (D:11)
  2 basilisks
  Menkaure (D:7)
  A soldier ant (D:12)
  Duvessa (D:4)
  2 porcupines
  7 water moccasins
  2 hell hounds
  5 orc warriors
  3 black bears
  4 ice beasts
  2 sky beasts (D:8)
  An eye of draining (D:10)
  6 ogres
  2 necrophages
  3 centaurs
  5 phantoms
  7 crocodiles
  4 big kobolds
  9 bullfrogs
  A gnoll sergeant (D:7)
  A wyvern zombie (D:6)
  3 scorpions
  A wyvern skeleton (D:9)
  Dowan (D:4)
  A water moccasin skeleton (D:5)
  8 wights
  A howler monkey (D:8)
  A lava snake (D:12)
  2 centaur zombies
  4 crimson imps
  3 jellies
  A quasit (D:9)
  3 hounds
  A bullfrog zombie (D:5)
  Crazy Yiuf (D:7)
  5 orc priests
  2 bullfrog skeletons
  4 centaur skeletons
  7 iguanas
  5 orc wizards
  8 worker ants
  The ghost of Mgcat the Chopper, a weakling HOMo (D:3)
  A hound skeleton (D:8)
  A howler monkey zombie (D:6)
  A howler monkey skeleton (D:6)
  9 adders
  9 gnolls
  A shadow imp (D:11)
  2 dart slugs
  2 worms
  3 leopard geckos
  41 orcs
  5 bats
  7 giant cockroaches
  8 goblins
  7 hobgoblins
  15 jackals
  5 quokkas
  A ball python (D:7)
  8 frilled lizards
  A jackal zombie (D:6)
  13 kobolds
  2 leopard gecko skeletons
  A quokka zombie (D:5)
  7 rats
348 creatures vanquished.

Vanquished Creatures (others)
  A centaur (D:11)
  4 fungi
  4 plants
9 creatures vanquished.

Grand Total: 357 creatures vanquished

Notes
Turn   | Place    | Note
-------+----------+-------------------------------------------
     0 | D:1      | keltmir the Demonspawn Gladiator began the quest for the Orb.
     0 | D:1      | Reached XP level 1. HP: 16/16 MP: 1/1
   281 | D:1      | Gained mutation: You have sharp fingernails. [demonic ancestry]
   281 | D:1      | Reached XP level 2. HP: 22/22 MP: 2/2
   919 | D:2      | Reached skill level 1 in Armour
   976 | D:2      | Reached XP level 3. HP: 25/28 MP: 3/3
  1296 | D:2      | Found a hazy altar of Hepliaklqana.
  1773 | D:3      | Found a bloodstained altar of Trog.
  1777 | D:3      | Found a blossoming altar of Fedhas.
  1901 | D:3      | Reached XP level 4. HP: 34/34 MP: 4/4
  2184 | D:3      | Noticed Mgcat's ghost (weakling HOMo)
  2202 | D:3      | Killed Mgcat's ghost
  2589 | D:3      | Reached XP level 5. HP: 38/41 MP: 5/5
  2751 | D:3      | Found a snail-covered altar of Cheibriados.
  3547 | D:4      | Noticed Duvessa
  3589 | D:4      | Noticed Dowan
  3612 | D:4      | Killed Dowan
  3769 | D:5      | Entered Level 5 of the Dungeon
  4341 | D:6      | Reached XP level 6. HP: 42/47 MP: 6/6
  4399 | D:6      | Reached skill level 5 in Maces & Flails
  4818 | D:5      | Found Faej's Magic Scroll Shoppe.
  4854 | D:5      | Bought a scroll of blinking for 97 gold pieces
  5051 | D:4      | Found a staircase to the Ecumenical Temple.
  5060 | Temple   | Entered the Ecumenical Temple
  5245 | Temple   | Became a worshipper of Qazlal Stormbringer
  5401 | D:4      | You fall through a shaft for 2 floors!
  5439 | D:6      | Found Zid Xaru's Magic Scroll Shop.
  5900 | D:4      | Reached skill level 1 in Invocations
  6057 | D:4      | Killed Duvessa
  6057 | D:4      | Reached XP level 7. HP: 40/54 MP: 6/8
  6151 | D:5      | Found a glowing golden altar of the Shining One.
  7109 | D:5      | Noticed Baghtru's ghost (novice MiFi)
  7512 | D:6      | Reached * piety under Qazlal
  7522 | D:6      | Noticed a brown ugly thing
  7675 | D:6      | Reached XP level 8. HP: 51/61 MP: 10/10
  8009 | D:5      | Reached skill level 5 in Fighting
  8511 | D:6      | Found a shimmering altar of Xom.
  8750 | D:6      | Found a glowing silver altar of Zin.
  9402 | D:7      | Noticed a hornet
  9403 | D:7      | Paralysed by a hornet for 2 turns
  9413 | D:6      | Paralysed by a hornet for 2 turns
  9420 | D:6      | HP: 1/62 [acid (9)]
  9488 | D:7      | Noticed Menkaure
  9493 | D:7      | HP: 3/62 [Menkaure (16)]
  9502 | D:7      | Killed Menkaure
  9980 | D:7      | Reached skill level 5 in Invocations
 10130 | D:7      | Gained mutation: You are partially covered in large bone plates. (SH +4) [demonic ancestry]
 10130 | D:7      | Reached XP level 9. HP: 20/69 MP: 13/13
 10698 | D:7      | Found a runed door.
 10812 | D:7      | Found Inoth's General Store.
 10837 | D:7      | Bought a scroll of blinking for 105 gold pieces
 11088 | D:7      | Noticed Crazy Yiuf
 11096 | D:7      | Killed Crazy Yiuf
 11273 | D:8      | Reached skill level 5 in Armour
 11757 | D:8      | Reached ** piety under Qazlal
 12554 | D:9      | Found a staircase to the Lair.
 13138 | D:9      | Gained mutation: You have very sharp fingernails. [demonic ancestry]
 13138 | D:9      | Reached XP level 10. HP: 56/77 MP: 15/15
 13989 | D:9      | Found a staircase to the Orcish Mines.
 14042 | D:9      | Found a sacrificial altar of Ru.
 14101 | D:9      | Found a radiant altar of Vehumet.
 14289 | D:10     | Entered Level 10 of the Dungeon
 14317 | D:9      | Reached *** piety under Qazlal
 14464 | D:10     | Noticed keltmir's ghost (journeyman DsGl)
 15370 | D:10     | Killed keltmir's ghost
 15370 | D:10     | Reached skill level 10 in Maces & Flails
 15695 | D:10     | Got a glittering iron ring
 15697 | D:10     | Identified the ring of Cugho {Wiz rC+} (You found it on level 10 of the Dungeon)
 15738 | D:10     | Noticed a gargoyle
 16123 | D:5      | Killed Baghtru's ghost
 16365 | D:6      | Killed a brown ugly thing
 17061 | Lair:1   | Entered Level 1 of the Lair of Beasts
 17063 | Lair:1   | Noticed a spiny frog
 17111 | D:10     | Killed a gargoyle
 17111 | D:10     | Reached XP level 11. HP: 39/86 MP: 17/17
 18087 | D:11     | Noticed Erica
 18285 | D:11     | Noticed a purple ugly thing
 18390 | D:11     | Found an opulent altar of Gozag.
 18447 | D:11     | Noticed Snorg
 18732 | D:10     | Killed Erica
 19054 | D:11     | Killed a purple ugly thing
 19159 | D:11     | Reached skill level 10 in Invocations
 19778 | Lair:1   | Noticed Fannar
 20120 | Lair:1   | Killed Fannar
 20747 | Lair:1   | Got a slimy lajatang
 20768 | Lair:1   | Identified the +3 lajatang of the Wilderness {slice, Str+7} (You found it on level 1 of the Lair of Beasts)
 21541 | Lair:2   | Gained mutation: You have claws for hands. [demonic ancestry]
 21541 | Lair:2   | Reached XP level 12. HP: 75/95 MP: 20/20
 23047 | Lair:2   | Noticed Nergalle
 23500 | Lair:1   | Killed Nergalle
 23631 | Lair:2   | Got an ivory rapier
 23632 | Lair:2   | Identified the +5 rapier "Tiekhima" {flame, +Fly Dex+4} (You found it on level 2 of the Lair of Beasts)
 24126 | Lair:3   | Noticed a seven-headed hydra
 24135 | Lair:2   | Reached skill level 1 in Staves
 24597 | Lair:3   | Noticed a six-headed hydra
 24778 | Orc:1    | Entered Level 1 of the Orcish Mines
 24843 | Orc:1    | Found Huippip's Jewellery Shop.
 24939 | Orc:2    | Entered Level 2 of the Orcish Mines
 24939 | Orc:2    | Found Puyriah's Book Shop.
 24939 | Orc:2    | Noticed an orc high priest
 24939 | Orc:2    | Noticed an orc warlord
 24939 | Orc:2    | Noticed an orc high priest
 25080 | D:11     | Reached skill level 10 in Fighting
 25126 | D:11     | Killed Snorg
 25404 | D:11     | Found Nennetz's Distillery.
 25567 | D:12     | Noticed a two-headed ogre
 26321 | D:12     | Reached **** piety under Qazlal
 26576 | D:12     | Slain by a skeletal warrior

Skill      XL: |  1  2  3  4  5  6  7  8  9 10 11 12 |
---------------+-------------------------------------+-----
Maces & Flails | 3 4 5 6 7 9 10 11 12 | 12.2
Armour         | 1 2 3 4 5 7 8 9 |  9.2
Fighting       | 3 4 5 6 8 9 10 | 10.2
Invocations    | 1 3 5 7 9 10 12 | 12.0
Staves         | 4 |  4.4
Throwing       | |  1.7
Dodging        | |  2.6

Action                   |  1- 3 |  4- 6 |  7- 9 | 10-12 || total
-------------------------+-------+-------+-------+-------++-------
Melee: Flail             |   123 |   264 |   349 |       ||   736
       Dire flail        |       |       |   164 |   255 ||   419
       Whip              |       |       |       |   302 ||   302
       Mace              |       |       |       |   345 ||   345
       Lajatang          |       |       |       |   198 ||   198
Throw: Tomahawk          |       |     4 |    18 |       ||    22
Invok: Elemental Force   |       |       |       |     3 ||     3
       Upheaval          |       |       |       |     3 ||     3
Evoke: Wand              |       |       |    10 |     7 ||    17
  Use: Scroll            |     5 |     5 |    10 |     6 ||    26
       Potion            |       |       |     4 |     5 ||     9
 Stab: Paralysed         |       |       |     6 |       ||     6
  Eat: Chunk             |     3 |    10 |    16 |    25 ||    54
       Ration            |       |     1 |     2 |     6 ||     9
Armor: Leather armour    |    33 |       |       |       ||    33
       Chain mail        |    19 |   174 |   291 |   121 ||   605
       Skin              |       |       |     5 |       ||     5
       Scale mail        |       |       |       |   248 ||   248
Dodge: Dodged            |    75 |   119 |   205 |   318 ||   717
Block: Other             |       |       |    82 |   587 ||   669
       Reflection        |       |       |       |    11 ||    11
